 Dungeon Crawl Stone Soup version 0.25-a0-510-ge065f6de7d (webtiles) character file.

Game seed: 14193118358873596434, levelgen mode: deterministic

14 Flugslaktarn the Covered (level 2, -9/27 HPs)
             Began as a Deep Dwarf Fighter on Feb 15, 2020.
             Was an Initiate of Makhleb.
             Splashed by Ijyb's acid (10 damage)
             ... on level 4 of the Dungeon.
             The game lasted 00:00:56 (237 turns).

Flugslaktarn the Covered (Deep Dwarf Fighter)        Turns: 237, Time: 00:00:56

Health: -9/27      AC: -1    Str: 19    XL:     2   Next: 31%
Magic:  2/2        EV:  7    Int:  8    God:    Makhleb [......]
Gold:   16         SH:  9    Dex: 12    Spells: 1/1 levels left

rFire    . . .     SeeInvis .   a - +0 war axe
rCold    . . .     Gourm    .   c - +0 kite shield
rNeg     . . .     Faith    .   b - +0 scale mail
rPois    .         Spirit   .   (no helmet)
rElec    .         Reflect  .   (no cloak)
rCorr    .         Harm     .   (no gloves)
MR       .....                  (no boots)
Stlth    ..........             (no amulet)
HPRegen  0.00/turn              (no ring)
MPRegen  0.08/turn              (no ring)

@: lethally poisoned (-9 -> -9), corroded, non-regenerating
A: damage resistance, heal wounds, sense surroundings 1, no regeneration
a: Heal Wounds, Renounce Religion


You were on level 4 of the Dungeon.
You worshipped Makhleb.
Makhleb was noncommittal.
You were not hungry.

You visited 2 branches of the dungeon, and saw 4 of its levels.

You collected 16 gold pieces.

Inventory:

Hand Weapons
 a - a +0 war axe (weapon)
Armour
 b - a +0 scale mail (worn)
 c - a +0 kite shield (worn)
Jewellery
 h - an uncursed ring of see invisible {unknown}
   (You found it on level 1 of the Dungeon)
Scrolls
 i - a scroll of fear {unknown}
Potions
 d - a potion of might
 g - a potion of lignification {unknown}
Comestibles
 e - 2 rations
 f - 7 chunks of flesh


   Skills:
 + Level 2.8 Fighting
 * Level 2.7 Axes
 + Level 3.4 Armour
 + Level 3.4 Shields


You had one spell level left.
You didn't know any spells.
Your spell library was empty.

Dungeon Overview and Level Annotations

Branches:
Dungeon (4/15)             Temple (1/1) D:4

Altars:
Ashenzari
Cheibriados
Fedhas
Gozag
Hepliaklqana
Kikubaaqudgha
Makhleb
Okawaru
Ru
Sif Muna
Trog
Uskayaw
Wu Jian
Xom
Yredelemnul

Annotations:
D:4 Ijyb


Innate Abilities, Weirdness & Mutations

You are resistant to damage.
You can heal yourself by infusing magical energy.
You passively map a small area around you.
You do not regenerate.


Message History

Level annotation: Ijyb You block the adder's attack.
You block the hound skeleton's attack. The iguana barely misses you.
The adder barely misses you. The hound skeleton closely misses you.
There is a staircase to the Ecumenical Temple here.
Unknown command.
Unknown command.
The iguana bites you. You block the adder's attack.
Ijyb zaps a wand.
The bolt of acid hits you! The acid corrodes you!
You are splashed with acid!
Ouch! That really hurt!
* * * LOW HITPOINT WARNING * * *
You feel much better. The adder bites you.
You are poisoned.
The adder poisons you! The iguana bites you!
Ijyb zaps a wand.
The bolt of acid hits you!
Ouch! That really hurt!
* * * LOW HITPOINT WARNING * * *
The acid corrodes you!
You are splashed with acid!
You die...

....##..##.....# #...#
..........?....# ,.....
........##..#..........
........########### #.
,........#.#...)...# ,
, ..........#.......#
,..........g...>...# *
,, ..........#...SlZ.#
..%.###...#.$..@..# ,
...# #...####+#### ...,
##... , .. , #.... * *
, ...... , ...... , * ,
, * * * ,,


You could see Ijyb, an iguana, an adder and a hound skeleton.

Vanquished Creatures
  2 leopard geckos (D:2)
  A giant cockroach (Temple)
  A goblin (D:1)
  4 hobgoblins
  2 frilled lizards (D:2)
  A rat (D:2)
11 creatures vanquished.

Notes
Turn   | Place    | Note
-------+----------+-------------------------------------------
     0 | D:1      | Flugslaktarn the Deep Dwarf Fighter began the quest for the
                  | Orb.
     0 | D:1      | Reached XP level 1. HP: 20/20 MP: 1/1
    81 | D:2      | Reached XP level 2. HP: 27/27 MP: 2/2
   156 | D:2      | You fall into a shaft and drop 2 floors!
   157 | D:4      | Noticed Ijyb
   181 | D:4      | Found a staircase to the Ecumenical Temple.
   188 | Temple   | Entered the Ecumenical Temple
   224 | Temple   | Became a worshipper of Makhleb the Destroyer
   237 | D:4      | HP: 1/27 [Ijyb/bolt of acid (14)]
   237 | D:4      | Splashed by Ijyb's acid

Levels and vault maps discovered:
D:1:      dpeg_arrival_tiny_f, layout_basic
D:2:      layout_loops_cross
D:4:      layout_cave_pools, elyvilon_altar_5, temple_green, uniq_ijyb
Temple:   grunt_wide_crystal_templ

Action                   || total
-------------------------++-------
Melee: War axe           ||    28
 Abil: Heal Wounds       ||     2
Armor: Scale mail        ||    10
Dodge: Dodged            ||    14
Block: Kite shield       ||    18

Table legend:
 A = Non-vault XP
 B = Vault XP
 C = Vault XP percentage of total XP
 D = Non-vault monster count
 E = Vault monster count
 F = Vault count percentage of total count
                 A         B        C        D         E       F
            +---------+---------+-------+---------+---------+-------
      Total |      21 |       0 |   0.0 |      11 |       0 |   0.0
            +---------+---------+-------+---------+---------+-------
        D:1 |       8 |       0 |   0.0 |       4 |       0 |   0.0
        D:2 |      11 |       0 |   0.0 |       6 |       0 |   0.0
     Temple |       2 |       0 |   0.0 |       1 |       0 |   0.0
            +---------+---------+-------+---------+---------+-------
